 Dungeon Crawl Stone Soup version 0.27.1-35-g4d5d836560 (webtiles) character file.

Game seed: 12634165927632926302

92 cbfl8 the Sneak (level 4, -4/40 HPs)
             Began as a Minotaur Delver on Mar 14, 2022.
             Slain by a hound (5 damage)
             ... on level 5 of the Dungeon.
             The game lasted 00:00:57 (545 turns).

cbfl8 the Sneak (Minotaur Delver)                    Turns: 545, Time: 00:00:57

Health: -4/40      AC:  3    Str: 17    XL:     4   Next: 35%
Magic:  3/3        EV: 12    Int:  7    God:
Gold:   9          SH:  0    Dex: 12    Spells: 3/3 levels left

rFire    . . .     SeeInvis .   a - +0 hand axe
rCold    . . .     Faith    .   (no shield)
rNeg     . . .     Spirit   .   b - +0 leather armour
rPois    .         Reflect  .   (helmet restricted)
rElec    .         Harm     .   (no cloak)
rCorr    .         Rampage  .   (no gloves)
Will     .....                  (no boots)
Stlth    +++.......             (no amulet)
HPRegen  0.13/turn              (no ring)
MPRegen  0.08/turn              (no ring)

@: no status effects
A: horns 2, retaliatory headbutt
a: no special abilities


You were on level 5 of the Dungeon.
You visited 1 branch of the dungeon, and saw 2 of its levels.

You collected 9 gold pieces.

Inventory:

Hand Weapons
 a - a +0 hand axe (weapon)
Armour
 b - a +0 leather armour (worn)
Wands
 g - a wand of digging (3)
Scrolls
 c - a scroll of fog
Potions
 d - a potion of ambrosia {unknown}
 f - a potion of haste


   Skills:
 + Level 4.0 Fighting
 + Level 3.2 Axes
 + Level 1.5 Armour
 + Level 2.4 Dodging
 + Level 5.0 Stealth


You had 3 spell levels left.
You didn't know any spells.
Your spell library contained the following spells:

 Spells                   Type           Power      Damage    Failure   Level
 Foxfire                  Conj/Fire      0%         2x1d4     50%         1
 Conjure Flame            Conj/Fire      0%         6-21      86%         3
 Inner Flame              Hex/Fire       0%         N/A       86%         3


Dungeon Overview and Level Annotations

Branches:
Dungeon (5/15)             Temple (0/1) D:5

Altars:


Innate Abilities, Weirdness & Mutations

You have a pair of horns on your head.
You reflexively headbutt those who attack you in melee.


Message History

The scorpion is severely wounded.
You feel very sick. The scorpion stings you.
You hit the scorpion but do no damage.
The scorpion is severely wounded.
You feel sick. The scorpion barely misses you. You furiously retaliate!
You headbutt the scorpion, but do no damage.
The scorpion stings you.
* * * LOW HITPOINT WARNING * * *
You hit the scorpion but do no damage. Your headbutt misses the scorpion.
The scorpion is severely wounded.
* * * LOW HITPOINT WARNING * * *
You feel sick. The scorpion closely misses you. You furiously retaliate!
You headbutt the scorpion!
You kill the scorpion!
Your Fighting skill increases to level 4!
Your Axes skill increases to level 3!
Your Armour skill increases to level 1!
Your Stealth skill increases to level 5!
You have reached level 4!
You feel stronger.
You feel sick.
The hound barks!
An iguana comes into view.
You feel sick.
You feel sick.
As you read the scroll of fear, it crumbles to dust.
You assume a fearsome visage.
The hound resists with some effort.
You feel sick.
You are no longer poisoned.
The hound barely misses you. You furiously retaliate!
You headbutt the hound! You hit the hound.
The hound is severely wounded.
The hound misses you. You furiously retaliate!
You headbutt the hound. The hound barely misses you.
You barely miss the hound.
The hound is almost dead.
The hound bites you.
* * * LOW HITPOINT WARNING * * *
The hound bites you.
You die...

*≈≈≈*,***
*,,,,,,,,,,,,,,,
≈≈≈≈*,,,*
*,,,,,,,,,,,,,,,
≈≈≈≈#,,,*
*,,,,,,,,,,,,,,,
≈≈≈≈#.,,*
*,,,,,,,,,,,,,,,
***##..,**
######**,,,,,,,..,,,,*
,,,.....,* #....#
**,>,,,..,,,,**
***......###....#
*****,.#*****
*...l.........## *..#
*.....####(..h@####
*..# ***...,,*
#.........####..#******
*,,.,,***
#.####.##.......#...,,,
,,,,,,,** #.*
#...###........,,,
,,,,,,,,* #.*
###.###.##.#..>,,,
,,,,,,,,* #.*
#......#...,.,,,
,,,,,,,,* #.*
####..<##.##****
,<,,,,,,* #.*
#....#.##.# *
,,,,,,,,***,*
**#.####.##.## ##


You could see a hound.

Vanquished Creatures
  A scorpion (D:5)
  A hound zombie (D:5)
  A howler monkey skeleton (D:4)
  4 jackals (D:5)
  A kobold (D:4)
8 creatures vanquished.

Notes
Turn   | Place    | Note
-------+----------+-------------------------------------------
     0 | D:5      | cbfl8 the Minotaur Delver began the quest for the Orb.
     0 | D:5      | Reached XP level 1. HP: 19/19 MP: 0/0
    42 | D:4      | Reached XP level 2. HP: 8/27 MP: 1/1
   424 | D:5      | Reached XP level 3. HP: 19/33 MP: 2/2
   524 | D:5      | Noticed a scorpion
   536 | D:5      | Killed a scorpion
   537 | D:5      | Reached skill level 1 in Armour
   537 | D:5      | Reached skill level 5 in Stealth
   537 | D:5      | Reached XP level 4. HP: 5/40 MP: 3/3
   540 | D:5      | HP: 2/40 [poisoned by a scorpion]
   545 | D:5      | HP: 1/40 [hound (1)]
   545 | D:5      | Slain by a hound

Illustrated notes

Levels and vault maps discovered:
D:4:      black_bear_nest_1, layout_basic, moated_statue
D:5:      layout_rooms, minmay_temple_entry_poolview

Skill      XL: |  1  2  3 |
---------------+----------+-----
Fighting       | 4 |  4.0
Axes           | 3 |  3.2
Armour         | 1 |  1.5
Stealth        | 5 |  5.0
Dodging        | |  2.4

Action                   |  1- 3 |  4- 6 || total
-------------------------+-------+-------++-------
Melee: Hand axe          |    33 |     2 ||    35
       Headbutt          |     3 |       ||     3
  Use: Scroll            |     1 |     1 ||     2
Armor: Leather armour    |    15 |       ||    15
Dodge: Dodged            |    19 |     3 ||    22
